AoeStats
← Count Foxbat

Arabia

510268381Analyzed
1v1 RM · 1d ago on Sep 30, 2026· 19m 19s· 2 players
Game mode
Random Map
Map size
Tiny (2 player)
Population
200
Speed
Normal
Resources
Standard
Victory
Conquest
Starting age
Dark Age
Ending age
Imperial Age
RankedLock teamsTeams togetherTeam positionsShared explorationLock speedFull tech treeHidden civsTurbo modeCheats
Victory
Defeat
🇧🇪 Gurjaras · Belgium
840
+16
🇩🇪 Franks · Germany
845
-40
Aubusson
4:58 Loom
10:24 Feudal Age
11:01 Double-Bit Axe
12:34 Horse Collar
14:57 Wheelbarrow
19:50 Castle Age
19:08 Bloodlines
19:11 Scale Barding Armor
Count Foxbat
7:57 Loom
10:34 Feudal Age
19:25 Wheelbarrow
18:37 Double-Bit Axe
Connection lost

Rejoining the realm…

Still unreachable

The connection could not be restored.

Session expired

The server has moved on; the page needs a fresh start.